 Dungeon Crawl Stone Soup version 0.25.1-9-gc5326a611f (webtiles) character file.

Game seed: 15021512978057038387

69 funkygono the Shield-Bearer (level 4, 0/41 HPs)
             Began as a Minotaur Fighter on Jan 1, 2021.
             Slain by an orc
             ... wielding a +0 morningstar
              (4 damage)
             ... on level 2 of the Dungeon.
             The game lasted 00:02:32 (1129 turns).

funkygono the Shield-Bearer (Minotaur Fighter)      Turns: 1129, Time: 00:02:33

Health: 0/41       AC:  8    Str: 21    XL:     4   Next: 2%
Magic:  3/3        EV:  7    Int:  5    God:
Gold:   11         SH:  9    Dex: 10    Spells: 3/3 levels left

rFire    . . .     SeeInvis .   a - +0 flail
rCold    . . .     Gourm    .   c - +0 kite shield
rNeg     . . .     Faith    .   b - +0 scale mail
rPois    .         Spirit   .   (helmet restricted)
rElec    .         Reflect  .   (no cloak)
rCorr    .         Harm     .   h - +0 pair of gloves
MR       .....                  (no boots)
Stlth    ..........             (no amulet)
HPRegen  0.13/turn              (no ring)
MPRegen  0.08/turn              (no ring)

@: mighty, brilliant, lethally poisoned (0 -> -2), stab
A: retaliatory headbutt, horns 2
a: no special abilities


You were on level 2 of the Dungeon.
You were not hungry.

You visited 1 branch of the dungeon, and saw 2 of its levels.

You collected 11 gold pieces.

Inventory:

Hand Weapons
 a - a +0 flail (weapon)
 k - a +0 whip
Missiles
 l - 24 bolts
 p - 41 stones (quivered)
Armour
 b - a +0 scale mail (worn)
 c - a +0 kite shield (worn)
 h - a +0 pair of gloves (worn)
Scrolls
 e - a scroll of enchant armour {unknown}
 j - a scroll of fear
 o - a scroll of identify
 s - a scroll of teleportation
Potions
 d - a potion of might
 g - 2 potions of magic
 m - a potion of brilliance
 q - a potion of haste {unknown}
 r - a potion of curing {unknown}
Comestibles
 f - 2 rations
 i - 20 chunks of flesh


   Skills:
 + Level 4.3 Fighting
 + Level 3.3 Maces & Flails
 + Level 4.1 Armour
 + Level 0.2 Stealth
 + Level 4.4 Shields


You had 3 spell levels left.
You didn't know any spells.
Your spell library was empty.

Dungeon Overview and Level Annotations

Branches:
Dungeon (2/15)

Altars:

Annotations:
D:2 Natasha


Innate Abilities, Weirdness & Mutations

You reflexively headbutt those who attack you in melee.
You have a pair of horns on your head.


Message History

The adder bites you.
* * * LOW HITPOINT WARNING * * *
You are poisoned.
The adder poisons you!
You thump the adder!
The adder is almost dead.
* * * LOW HITPOINT WARNING * * *
You feel sick. You block the adder's attack.
You sock the adder!
You kill the adder!
You have reached level 4!
You feel agile.
It was a potion of brilliance.
You feel clever all of a sudden.
You feel sick. The orc hits you with a +0 morningstar.
* * * LOW HITPOINT WARNING * * *
It was a potion of stabbing.
You feel ready to backstab. The orc hits you with a +0 morningstar.
You die...

#.........#
####.........#
#............##
#........<....#
#..........)..# ######
#....###......###.....
###### ###......[.....
########..........÷. .
+..@olog.........÷[.
....######oo.o#####.....
..................#.....
........................
#################..###.#
#........ #.....#..
#..o..... #........


You could see an orc wizard (fast), 4 orcs, a goblin and a frilled lizard.

Vanquished Creatures
  Robin (D:1)
  An adder (D:2)
  An ooze (D:1)
  2 dart slugs (D:1)
  A leopard gecko (D:2)
  3 giant cockroaches
  10 goblins
  6 hobgoblins
  3 jackals (D:2)
  5 bats
  2 frilled lizards (D:1)
  A kobold (D:1)
  A rat (D:1)
37 creatures vanquished.

Notes
Turn   | Place    | Note
-------+----------+-------------------------------------------
     0 | D:1      | funkygono the Minotaur Fighter began the quest for the Orb.
     0 | D:1      | Reached XP level 1. HP: 19/19 MP: 0/0
   169 | D:1      | Reached XP level 2. HP: 27/27 MP: 1/1
   725 | D:1      | Reached XP level 3. HP: 33/33 MP: 2/2
   875 | D:2      | Noticed Robin
   875 | D:2      | Noticed Natasha
   898 | D:1      | Killed Robin
  1127 | D:2      | Reached XP level 4. HP: 5/41 MP: 3/3
  1129 | D:2      | Slain by an orc

Illustrated notes

Levels and vault maps discovered:
D:1:      psy_arrival_dodecagon, layout_basic
D:2:      layout_basic, yredelemnul_altar_generic, minmay_lizard_pond,
          uniq_crazy_yiuf_cottage, uniq_robin, uniq_natasha

Skill      XL: |  1  2  3 |
---------------+----------+-----
Fighting       | 4 |  4.3
Shields        | 4 |  4.4
Maces & Flails | 3 |  3.3
Armour         | 4 |  4.1
Stealth        | |  0.2

Action                   |  1- 3 |  4- 6 || total
-------------------------+-------+-------++-------
Melee: Flail             |    92 |       ||    92
       Headbutt          |     9 |       ||     9
  Use: Scroll            |     5 |       ||     5
       Potion            |     1 |     2 ||     3
  Eat: Chunk             |     1 |       ||     1
Armor: Scale mail        |    63 |       ||    63
Dodge: Dodged            |    32 |       ||    32
Block: Kite shield       |    83 |       ||    83
